Map: Blackpink LE

Players

neimkill - Winner!

  • Race: Zerg Zerg
  • League: Diamond
  • Spawn Location: 7:00

Dessa

  • Race: Zerg Zerg
  • League: Diamond
  • Spawn Location: 1:00

VOD

Have the link to the VOD?

Description

Time

  • Played on: Dec. 17, 2017, 7:53 a.m.
  • Length: 10:10
Show
View Real Time Build Order
Export as new Build Order

neimkill Zerg - Winner!

Build Orders: Pool First 

Get SALT Encoding   

  12  0:01  Drone  
  13  0:13  Overlord  
  13  0:19  Drone  
  14  0:31  Drone x2  
  16  0:36  Drone  
  17  0:47  Spawning Pool  
  17  0:49  Extractor  
  15  0:51  Drone  
  16  0:57  Drone  
  17  1:09  Drone  
  18  1:21  Hatchery  
  17  1:26  Drone  
  17  1:31  Overlord  
  18  1:42  Queen  
  20  1:47  Zergling x2  
  20  1:50  Zergling x2  
  22  2:01  Drone  
  23  2:02  Metabolic Boost  
  23  2:07  Evolution Chamber  
  22  2:13  Drone  
  23  2:19  Queen  
  25  2:30  Overlord  
  25  2:41  Drone x2  
  27  2:55  Zerg Ground Armor Level 1  
  26  3:01  Drone x2  
  26  3:02  Drone x4  
  32  3:15  Baneling Nest  
  32  3:19  Zergling x2  
  33  3:20  Zergling x2  
  33  3:21  Drone x2  
  35  3:28  Drone  
  35  3:32  Drone x4  
  40  3:38  Zergling x2  
  40  3:39  Zergling x4  
  43  3:47  Overlord  
  43  3:58  Baneling x2  
  43  4:15  Drone x9  
  52  4:19  Extractor  
  52  4:20  Lair, Extractor x2  
  49  4:25  Drone x2  
  51  4:41  Evolution Chamber  
  49  4:50  Zergling x2  
  49  4:51  Zergling x4  
  49  4:52  Overlord x3  
  50  5:01  Zerg Melee Weapons Level 1  
  50  5:05  Zergling x4  
  52  5:21  Zergling x16  
  53  5:25  Drone  
  53  5:26  Spire  
  53  5:28  Hatchery  
  59  5:36  Zerg Ground Armor Level 2, Drone  
  58  5:48  Drone x4  
  58  5:49  Overlord  
  62  5:50  Overlord  
  52  6:37  Zergling x2  
  52  6:38  Zergling x20  
  63  6:42  Zerg Flyer Weapons Level 1  
  63  6:44  Mutalisk  
  63  6:45  Queen  
  67  6:53  Mutalisk x6  
  76  7:03  Baneling x3  
  76  7:04  Baneling  
  76  7:08  Zergling x10  
  77  7:10  Drone  
  82  7:16  Overlord x3  
  82  7:23  Zerg Melee Weapons Level 2  
  82  7:39  Mutalisk x2  
  82  7:41  Drone  
  82  7:42  Drone x7  
  94  7:52  Overlord x2  
  94  7:53  Mutalisk  
  94  7:58  Zergling x6  
  99  8:00  Drone x3  
  102  8:10  Extractor  
  102  8:12  Extractor  
  100  8:13  Mutalisk x2  
  100  8:19  Overlord x2  
  104  8:21  Hatchery  
  103  8:37  Infestation Pit  
  102  8:49  Zergling x2  
  102  8:50  Zergling x14  
  108  9:20  Mutalisk  
  108  9:21  Mutalisk x8  
  112  9:32  Zergling x4  
  112  9:33  Zergling x14  
  121  9:42  Baneling x6  
  121  9:43  Zergling x2  
  121  9:44  Zergling x8  
  126  9:47  Zergling x4  
Show
View Real Time Build Order
Export as new Build Order

Dessa Zerg 

Build Orders: Pool First 

Get SALT Encoding   

  12  0:01  Drone  
  13  0:13  Overlord  
  13  0:17  Drone  
  14  0:27  Drone, Extractor  
  14  0:31  Drone  
  15  0:36  Drone  
  16  0:45  Drone  
  17  0:54  Spawning Pool  
  17  0:56  Drone  
  17  1:22  Hatchery  
  16  1:32  Drone  
  17  1:33  Drone  
  18  1:40  Metabolic Boost  
  18  1:42  Zergling x2  
  19  1:53  Queen  
  21  2:00  Overlord  
  21  2:05  Drone  
  22  2:20  Drone  
  22  2:22  Drone  
  24  2:28  Zergling x2  
  25  2:35  Queen  
  27  2:37  Queen  
  27  2:41  Zergling x2  
  29  2:44  Drone  
  30  3:04  Drone x2  
  32  3:09  Roach Warren  
  31  3:14  Extractor  
  31  3:15  Zergling x4  
  31  3:17  Drone  
  31  3:18  Drone x3  
  36  3:38  Overlord  
  36  3:44  Overlord  
  36  4:04  Zergling x4  
  38  4:15  Roach x6  
  38  4:16  Roach x2  
  52  4:20  Overlord  
  52  4:22  Overlord  
  52  4:30  Lair  
  50  4:47  Drone x2  
  50  4:48  Drone x7  
  59  5:07  Drone  
  59  5:08  Drone, Extractor  
  59  5:09  Drone x2, Extractor  
  61  5:16  Ravager x6  
  67  5:32  Glial Reconstitution  
  67  5:33  Hatchery  
  66  5:38  Roach  
  68  5:52  Overlord  
  68  6:01  Overlord  
  68  6:02  Overlord  
  64  6:21  Queen x2  
  65  6:38  Overlord  
  65  6:39  Drone x3  
  68  6:40  Drone x3  
  68  6:41  Roach x3  
  77  6:47  Evolution Chamber  
  77  6:49  Evolution Chamber  
  74  7:01  Queen  
  74  7:03  Drone x4  
  80  7:11  Drone x2  
  80  7:12  Drone x2, Overlord  
  84  7:19  Roach  
  84  7:20  Roach x2  
  90  7:25  Spore Crawler  
  90  7:27  Spore Crawler  
  90  7:29  Drone x3  
  91  7:30  Hydralisk Den  
  91  7:34  Spore Crawler  
  91  7:35  Spore Crawler  
  91  7:36  Overlord  
  88  7:48  Zerg Ground Armor Level 1, Zerg Missile Weapons Level 1  
  88  7:56  Drone x2  
  88  7:57  Drone  
  88  7:58  Drone x3  
  93  8:01  Hydralisk, Muscular Augments  
  93  8:03  Overlord x2  
  96  8:17  Overlord x2  
  96  8:19  Pneumatized Carapace  
  96  8:24  Overlord x2  
  96  8:51  Overlord  
  96  8:52  Hydralisk x8  
  104  9:26  Hatchery  
  100  9:41  Extractor x2, Spore Crawler  
  100  9:42  Overlord x3  
  100  9:43  Spore Crawler  
  91  10:08  Hatchery  
Tags
 
Matchup
ZvZ
Race
Zerg
Replay Pack
2017S4
Spawn Locations
Cross Positions
Add a new tag
Caveats
  • Supply blocks, unpowered buildings, or Contaminate may cause inaccurate times.
  • Supply counts are checked every 10 seconds.